 Dungeon Crawl Stone Soup version 0.28-a0-899-gf2b78a14d2 (webtiles) character file.

Game seed: 8000623528161923907

166966 EnegeticOcto the Warrior (level 17, -11/138 (142) HPs)
             Began as a Demonspawn Artificer on Nov 21, 2021.
             Was the Champion of Makhleb.
             Mangled by a reaper (22 damage)
             ... summoned by a dread lich
             ... while paralysed by a dread lich
             ... on level 3 of the Abyss on Nov 23, 2021.
             The game lasted 00:53:23 (36970 turns).

EnegeticOcto the Warrior (Demonspawn Artificer)    Turns: 36970, Time: 00:53:23

HP:   -11/138 (142) AC: 34    Str: 18    XL:     17   Next: 30%
MP:   0/28          EV:  2    Int: 12    God:    Makhleb [******]
Gold: 1408          SH:  0    Dex: 18    Spells: 16/16 levels left

rFire   + . .      SeeInvis .   a - +2 scimitar (vamp)
rCold   . . .      Faith    .   H - +0 kite shield
rNeg    . . .      Spirit   +   T - +6 plate armour {ponderous}
rPois   +          Reflect  .   (helmet unavailable)
rElec   .          Harm     .   I - +2 cloak {rPois}
rCorr   .          Rampage  .   t - +2 pair of gloves
Will    +....                   B - +2 pair of boots
Stlth   ..........              R - amulet of guardian spirit
HPRegen 0.33/turn               D - ring "Abrakk" {AC+4 Dex+2}
MPRegen 0.21/turn               f - ring of protection from fire

@: paralysed, on fire, on berserk cooldown, slowed, glowing, lightly drained,
slow
A: horns 3, large bone plates 2, demonic guardian 3, condensation shield
a: Renounce Religion, Minor Destruction, Lesser Servant of Makhleb, Major
Destruction, Greater Servant of Makhleb


You were on level 3 of the Abyss.
You worshipped Makhleb.
Makhleb was exalted by your worship.
You visited 5 branches of the dungeon, and saw 26 of its levels.
You visited the Abyss 1 time.
You also visited: Gauntlet and Volcano.

You collected 3395 gold pieces.
You spent 1987 gold pieces at shops.

Inventory:

Hand Weapons
 a - a +2 vampiric scimitar (weapon)
   (You took it off an orc warrior on level 9 of the Dungeon)
 b - a +1 vorpal great sword
   (You took it off a wight on level 8 of the Dungeon)
 g - a +1 scimitar
   (You found it on level 1 of the Dungeon)
 r - the +6 dagger "Tuze" {vorpal, Will+}
   (You found it on level 5 of the Dungeon)

   It inflicts extra damage upon your enemies.
   Will:      It increases your willpower.
Missiles
 n - 5 curare-tipped darts (quivered)
Armour
 t - a +2 pair of gloves (worn)
   (You found it on level 4 of the Dungeon)
 B - a +2 pair of boots (worn)
   (You found it on level 7 of the Dungeon)
 H - a +0 kite shield (worn)
   (You took it off a gnoll sergeant on level 10 of the Dungeon)
 I - a +2 cloak of poison resistance (worn)
   (You took it off Maurice on level 11 of the Dungeon)
 T - a +6 plate armour of ponderousness (worn)
   (You found it on level 13 of the Dungeon)
Jewellery
 f - a ring of protection from fire (right hand)
   (You found it on level 8 of the Dungeon)
 D - the ring "Abrakk" (left hand) {AC+4 Dex+2}
   (You found it on level 10 of the Dungeon)

   [ring of protection]

   AC:        It affects your AC (+4).
   Dex:       It affects your dexterity (+2).
 Q - the ring of Bimm {rN+ Will+ rCorr Dex+5}
   (You bought it in a shop on level 2 of the Orcish Mines)

   [ring of resist corrosion]

   Dex:       It affects your dexterity (+5).
   rN:        It protects you from negative energy.
   rCorr:     It protects you from acid and corrosion.
   Will:      It increases your willpower.
 R - an amulet of guardian spirit (around neck)
   (You bought it in a shop on level 2 of the Orcish Mines)
 V - the ring of the Castellan {rElec rPois SInv}
   (You found it on level 1 of the Orcish Mines)

   [ring of poison resistance]

   rElec:     It insulates you from electricity.
   rPois:     It protects you from poison.
   SInv:      It lets you see invisible.
Wands
 c - a wand of flame (35) {@v4}
 d - a wand of charming (20)
 j - a wand of digging (5) {@v3}
   (You found it on level 9 of the Dungeon)
 E - a wand of acid (18) {@v1}
   (You took it off an orc wizard on level 10 of the Dungeon)
 J - a wand of paralysis (21)
   (You found it on level 11 of the Dungeon)
 L - a wand of iceblast (16) {@v2}
   (You found it on level 11 of the Dungeon)
 M - a wand of polymorph (4)
   (You found it on level 1 of the Lair of Beasts)
 P - a wand of mindburst (8)
   (You found it on level 4 of the Lair of Beasts)
Scrolls
 i - 2 scrolls of magic mapping {@r5 !r}
 m - 5 scrolls of blinking {@r4}
 x - 8 scrolls of teleportation {@r3 !r}
 y - a scroll of enchant armour
 A - 4 scrolls of immolation
 C - 2 scrolls of enchant weapon
 K - 3 scrolls of vulnerability
 O - 2 scrolls of silence
 X - a scroll of brand weapon {unknown}
 Z - a scroll of fear {!r}
Potions
 h - 3 potions of attraction
 k - a potion of brilliance {unknown}
 l - 4 potions of cancellation
 o - 2 potions of magic
 q - 7 potions of lignification {@q6}
 s - 2 potions of degeneration {unknown}
 u - 4 potions of flight
 v - 3 potions of ambrosia
 w - 4 potions of mutation
 z - 6 potions of haste {@q4 !q}
 G - 2 potions of curing {@q1 !q}
 N - 3 potions of berserk rage
 S - a potion of might {@q3 !q}
Miscellaneous
 e - a piece from Xom's chessboard (15/15)
 F - a phantom mirror
   (You found it on level 10 of the Dungeon)
 U - a tin of tremorstones (inert)
   (You found it on level 1 of the Orcish Mines)
 W - a condenser vane (inert)
   (You found it on level 1 of the Orcish Mines)


   Skills:
 + Level 15.4 Fighting
 - Level 14.0 Long Blades
 - Level 10.0 Armour
 - Level 6.0 Dodging
 - Level 2.0 Stealth
 - Level 15.0 Shields
 - Level 15.0 Invocations
 + Level 6.4 Evocations


You had 16 spell levels left.
You didn't know any spells.
Your spell library contained the following spells:

 Spells                   Type           Power      Damage    Failure   Level
 Foxfire                  Conj/Fire      0%         2x1d4     100%        1
 Static Discharge         Conj/Air       0%         N/A       100%        2
 Conjure Flame            Conj/Fire      0%         6-21      100%        3
 Inner Flame              Hex/Fire       0%         N/A       100%        3
 Flame Wave               Conj/Fire      0%         3d3       100%        4
 Summon Ice Beast         Ice/Summ       0%         N/A       100%        4
 Lightning Bolt           Conj/Air       0%         1d11      100%        5
 Summon Mana Viper        Hex/Summ       0%         N/A       100%        5
 Conjure Ball Lightning   Conj/Air       0%         3x3d6     100%        6
 Monstrous Menagerie      Summ           0%         N/A       100%        7
 Discord                  Hex            0%         N/A       100%        8
 Disjunction              Tloc           0%         N/A       100%        8
 Maxwell's Capacitive Co  Air            0%         ∞         100%        8
 Chain Lightning          Conj/Air       0%         N/A       100%        9
 Fire Storm               Conj/Fire      0%         5d1       100%        9
 Shatter                  Erth           0%         3d5*      100%        9


Dungeon Overview and Level Annotations

Branches:
Dungeon (15/15)            Temple (1/1) D:4            Lair (6/6) D:11
 Shoals (0/4) Lair:2       Spider (2/4) Lair:4        Slime (0/5) Lair:6
    Orc (2/2) D:9             Elf (0/3) Orc:2        Depths (0/4) D:15
Volcano (visited)         Gauntlet (visited)
 Vaults: D:13-14

Altars:
Ashenzari
Cheibriados
Dithmenos
Elyvilon
Fedhas
Gozag
Hepliaklqana
Kikubaaqudgha
Makhleb
Nemelex Xobeh
Okawaru
Qazlal
Ru
Sif Muna
Trog
Uskayaw
Vehumet
Wu Jian
Xom
Yredelemnul
Zin
The Shining One
Jiyva

Shops:
D:1 *   D:2 (   Orc:2 =[**=

Annotations:
D:3 1 runed translucent door, Crazy Yiuf
D:6 3 runed translucent doors, nht's ghost, novice MfHu
Lair:2 exclusion: oklob plant
Lair:6 1 runed translucent door
Spider:2 Louise


Innate Abilities, Weirdness & Mutations

You have a pair of large horns on your head.
You are mostly covered in large bone plates. (SH +6)
A powerful demonic guardian rushes to your aid.
A meltable shield of frost defends you. (SH +0)


Message History

The smoke demon gestures at you. The ball of steam hits you.
Your condensation shield dissipates!
You resist.
You hear some strange, mumbled words.
You block the chaos spawn's attack.
Something touches you but does no damage.
The reaper barely misses you.
You hear some strange, mumbled words.
Something touches you.
You feel drained. You block something's attack.
The green death gestures at you. The poison arrow hits you!!
You are poisoned.
You partially resist.
* * * LOW HITPOINT WARNING * * *
You hit something.
You feel very sick.
Something touches you but does no damage. x2
Really quaff
p - 2 potions of heal wounds {@q2 !q}?
You feel much better.
You feel very sick.
Something touches you but does no damage.
You block the green death's attack.
Something touches you but does no damage.
The green death barely misses you.
Really quaff
p - a potion of heal wounds {@q2 !q}?
You feel much better.
You feel sick.
Something touches you but does no damage.
You hear some strange, mumbled words.
You suddenly lose the ability to move!
The green death gestures at you. The poison arrow hits you.
You are more poisoned.
You partially resist.
You feel very sick.
Something touches you but does no damage.
The green death gestures at you. The blast of poison engulfs you. You resist.
The smoke demon hits you but does no damage. x3
Something touches you but does no damage.
You feel very sick.
Something touches you but does no damage.
The green death gestures at you.
The bolt of poison hits you but does no damage.
You are more poisoned.
You resist.
The smoke demon hits you but does no damage. x3
You feel extremely sick. Something completely misses you.
The green death hits you. The smoke demon hits you.
The smoke demon hits you but does no damage. x2
Something touches you but does no damage.
You feel very sick.
Something touches you but does no damage.
The green death hits you but does no damage.
The smoke demon gestures at you. The ball of steam hits you. You resist.
* * * LOW HITPOINT WARNING * * *
The ball of steam hits something.
You can move again.
You feel very sick.
Something touches you but does no damage. x2
The green death gestures at you. The poison arrow hits you.
You are more poisoned.
You partially resist.
* * * LOW HITPOINT WARNING * * *
The smoke demon hits you but does no damage.
You block the smoke demon's attack. x2
Really quaff
G - 3 potions of curing {@q1 !q}?
You feel better.
Something touches you but does no damage.
You block the green death's attack.
Something touches you but does no damage.
The smoke demon closely misses you. You block the smoke demon's attack. x2
You hear some strange, mumbled words.
You suddenly lose the ability to move!
Something touches you!
* * * LOW HITPOINT WARNING * * *
You feel drained.
* * * LOW HITPOINT WARNING * * *
The reaper hits you from afar with a +4 vampiric scythe!
* * * LOW HITPOINT WARNING * * *
A demonic guardian appears!
You hear some strange, mumbled words.
Something tries to affect you, but you resist.
The reaper shouts, "Die, EnegeticOcto!"
The reaper hits you from afar with a +4 vampiric scythe!
* * * LOW HITPOINT WARNING * * *
The smoke demon gestures at you.
The sticky flame hits you but does no damage.
You are covered in liquid flames!
Your cacodemon hits the smoke demon!
Your cacodemon barely misses the smoke demon.
Something touches you but does no damage.
You are covered in liquid flames!
* * * LOW HITPOINT WARNING * * *
Something completely misses you.
The reaper hits you from afar with a +4 vampiric scythe!!
You die...

.......##...
.. ...... ....
.... . # #
#########...
###
.........4...
...# . ## #
....#2#§#.##..
. # #...22#.
.# .
#.#{#○#...
###)#.3@###..
# . . .#..2.2#
.$..#
#..#.#.##.##
#.##..#......#
# # .# #......
# ..#......# #
#..#.#.# # ##
#. .# .# . .#
#


You could see a cacodemon (summoned), a reaper (summoned), a green death
(summoned), a smoke demon (ally target) and a friendly cacodemon (summoned).

Vanquished Creatures
  Arachne (Spider:2)
  3 orc warlords (Orc:1)
  A juggernaut zombie (Abyss:3)
  2 very ugly things (D:15)
  2 entropy weavers (Spider:1)
  A minotaur (Gauntlet)
  A dire elephant (Lair:5)
  A yaktaur captain (D:12)
  A great orb of eyes (D:15)
  5 hydras
  11 boulder beetles
  3 catoblepae
  3 centaur warriors
  10 two-headed ogres
  11 death yaks
  A deep troll earth mage (D:12)
  2 large abominations (Abyss:3)
  4 tengu warriors
  Nergalle (D:11)
  2 thrashing horrors (Abyss:3)
  A hell knight (D:12)
  3 skeletal warriors (D:14)
  A flayed ghost (D:12)
  A phantasmal warrior (D:12)
  2 lindwurms
  A deep elf archer (D:12)
  A wizard (Volcano)
  8 wolf spiders
  5 orc knights
  4 orc sorcerers
  A deep elf pyromancer (Volcano)
  12 ugly things
  4 orb spiders
  7 cyclopes
  A shining eye (shapeshifter) (D:15)
  5 manticores
  2 salamanders (Volcano)
  14 elephants
  3 black mambas
  A moth of wrath (Spider:1)
  An eye of devastation (Gauntlet)
  A guardian serpent (shapeshifter) (D:12)
  2 molten gargoyles (D:13)
  Maurice (D:11)
  6 cane toads
  6 gargoyles
  11 komodo dragons
  A kobold demonologist (D:11)
  3 demonic crawlers (Spider:1)
  4 rime drakes
  2 tengu conjurers
  20 jumping spiders
  11 trolls
  4 meliai
  2 polar bears
  Grinder (D:6)
  A queen bee (Lair:4)
  A raiju (shapeshifter) (D:13)
  20 blink frogs
  A hornet (D:9)
  10 slime creatures
  7 dream sheep
  A shadow (D:12)
  7 tarantellas
  2 vampires
  43 redbacks
  4 wyverns
  A wraith (D:12)
  26 yaks
  5 basilisks
  A golden eye (Gauntlet)
  6 vampire mosquitoes
  A spectral cane toad (Lair:6)
  4 acid dragons
  8 wargs
  13 water moccasins
  Duvessa (D:6)
  A floating eye (Gauntlet)
  32 orc warriors
  6 black bears
  3 ice beasts
  7 starcursed masses (Abyss:3)
  16 ogres
  2 necrophages
  13 wolves
  2 phantoms
  12 centaurs
  3 kobold brigands
  11 bullfrogs
  3 wyvern zombies (D:7)
  Blork the orc (D:4)
  3 gnoll sergeants
  3 scorpions
  Dowan (D:6)
  37 killer bees
  4 small abominations (Gauntlet)
  9 wights
  A howler monkey (D:7)
  A bullfrog zombie (D:6)
  5 centaur zombies
  4 lava snakes (D:11)
  A jelly (D:6)
  11 orc priests
  A gnoll shaman (D:10)
  A bullfrog skeleton (D:7)
  3 iguanas
  Natasha (twice) (D:3)
  27 orc wizards
  A hound zombie (D:5)
  A hound skeleton (D:5)
  2 howler monkey zombies (D:6)
  Robin (D:4)
  16 gnolls
  9 adders
  2 shadow imps
  2 ufetubi
  A worm (D:3)
  2 dart slugs
  69 orcs
  9 ball pythons
  6 bats
  3 endoplasms (D:1)
  A giant cockroach (D:3)
  19 goblins
  6 hobgoblins
  3 jackals (D:5)
  36 kobolds
  A quokka (D:1)
  3 frilled lizards
801 creatures vanquished.

Vanquished Creatures (collateral kills)
  Jorgrun (D:12)
  A sphinx (D:12)
  A tengu reaver (D:12)
  The ghost of endorz the Warrior, a journeyman HOFi of Okawaru (D:13)
  A very ugly thing (D:15)
  A dire elephant (Lair:6)
  Snorg (Lair:3)
  A fire dragon (Lair:3)
  2 boulder beetles
  A rakshasa (D:15)
  3 hydras
  6 ogre magi
  2 centaur warriors
  12 two-headed ogres
  A wretched star (Abyss:3)
  A skeletal warrior (D:14)
  An orc knight (Volcano)
  7 ugly things (D:15)
  2 orb spiders (Spider:2)
  4 wolf spiders (Spider:1)
  3 cyclopes (D:14)
  A molten gargoyle (Volcano)
  A cane toad (Lair:2)
  An efreet (Volcano)
  A demonic crawler (Spider:2)
  3 jumping spiders
  A troll (D:8)
  2 meliai (Gauntlet)
  5 blink frogs
  A slime creature (D:10)
  A raiju (shapeshifter) (D:15)
  3 tarantellas
  4 redbacks
  4 yaks (Lair:1)
  A wyvern (D:8)
  A death yak simulacrum (Lair:6)
  A warg (Orc:2)
  Edmund (D:3)
  An acid dragon (D:8)
  2 water moccasins
  6 orc warriors
  17 ogres
  2 wolves (Lair:6)
  3 centaurs
  A kobold brigand (D:5)
  A bullfrog (Lair:2)
  6 wights (D:8)
  8 killer bees
  A lava snake (D:11)
  A centaur zombie (D:8)
  An orc priest (Orc:1)
  An orc wizard (D:9)
  Natasha (D:3)
  4 gnolls
  5 orcs
  4 goblins
  A kobold (D:5)
  A quokka (D:2)
  A ball python (D:3)
153 creatures vanquished.

Vanquished Creatures (others)
  An orc (D:4)
  31 fungi
  57 plants
  9 withered plants (Lair:6)
98 creatures vanquished.

Grand Total: 1052 creatures vanquished

Notes
Turn   | Place    | Note
-------+----------+-------------------------------------------
     0 | D:1      | EnegeticOcto the Demonspawn Artificer began the quest for
                  | the Orb.
     0 | D:1      | Reached XP level 1. HP: 15/15 MP: 1/1
    93 | D:1      | Reached skill level 1 in Stealth
   375 | D:1      | Found Haogg's General Store.
   383 | D:1      | Reached skill level 2 in Stealth
   383 | D:1      | Gained mutation: A weak demonic guardian rushes to your
                  | aid. [demonic ancestry]
   383 | D:1      | Reached XP level 2. HP: 21/21 MP: 2/2
   855 | D:1      | Reached skill level 2 in Fighting
  1051 | D:1      | Bought a scroll of identify for 26 gold pieces
  1192 | D:2      | Gained mutation: A demonic guardian rushes to your aid.
                  | [demonic ancestry]
  1192 | D:2      | Reached XP level 3. HP: 27/27 MP: 3/3
  1250 | D:2      | Found Qetuthi's Weapon Shop.
  1288 | D:2      | Reached skill level 1 in Long Blades
  2013 | D:3      | Reached skill level 2 in Long Blades
  2175 | D:3      | Reached XP level 4. HP: 25/33 MP: 4/4
  2309 | D:3      | Reached skill level 3 in Long Blades
  3037 | D:3      | Found a runed translucent door.
  3038 | D:3      | Noticed Crazy Yiuf
  3322 | D:3      | Noticed Natasha
  3336 | D:3      | Killed Natasha
  3337 | D:3      | Gained mutation: You have a pair of small horns on your
                  | head. [demonic ancestry]
  3337 | D:3      | Reached XP level 5. HP: 35/38 MP: 5/5
  3343 | D:3      | Noticed Natasha
  3356 | D:3      | Killed Natasha
  3357 | D:3      | Reached skill level 4 in Long Blades
  3434 | D:3      | Noticed Natasha
  3440 | D:3      | Killed Natasha
  3688 | D:4      | You fall into a shaft and drop 1 floor!
  3688 | D:5      | Entered Level 5 of the Dungeon
  3780 | D:5      | Identified the +1 leather armour of Too Many Cooks {rPois
                  | Will+}
  3845 | D:5      | Reached XP level 6. HP: 19/44 MP: 6/6
  4099 | D:5      | Reached skill level 5 in Long Blades
  4525 | D:5      | Reached skill level 6 in Long Blades
  4746 | D:5      | Identified the +6 dagger "Tuze" {vorpal, Will+}
  4782 | D:4      | Noticed Edmund
  4782 | D:4      | Noticed Blork the orc
  4809 | D:3      | Killed Edmund
  4810 | D:3      | Reached skill level 3 in Fighting
  4810 | D:3      | Gained mutation: You have a pair of horns on your head.
                  | [demonic ancestry]
  4810 | D:3      | Reached XP level 7. HP: 13/52 MP: 7/7
  5045 | D:4      | Killed Blork the orc
  5215 | D:4      | Reached skill level 4 in Fighting
  5215 | D:4      | Reached skill level 2 in Armour
  5251 | D:4      | Noticed Robin
  5260 | D:4      | Killed Robin
  5601 | D:4      | Found a staircase to the Ecumenical Temple.
  5663 | D:4      | Reached skill level 3 in Armour
  5720 | Temple   | Entered the Ecumenical Temple
  6009 | Temple   | Became a worshipper of Makhleb the Destroyer
  6375 | D:1      | Bought a potion of curing for 39 gold pieces
  6375 | D:1      | Bought a potion of haste for 130 gold pieces
  7054 | D:6      | Reached XP level 8. HP: 52/61 MP: 8/8
  7281 | D:6      | Reached skill level 7 in Long Blades
  7365 | D:6      | Found a runed translucent gate.
  7366 | D:6      | Found a runed translucent gate.
  7367 | D:6      | Found a runed translucent gate.
  7431 | D:6      | Noticed Grinder
  7681 | D:6      | Killed Grinder
  7682 | D:6      | Reached skill level 5 in Fighting
  7744 | D:6      | Noticed Duvessa
  7745 | D:6      | Noticed Dowan
  7756 | D:6      | Killed Duvessa
  7762 | D:6      | Killed Dowan
  7923 | D:6      | Reached skill level 8 in Long Blades
  8067 | D:6      | Reached skill level 6 in Fighting
  8067 | D:6      | Reached skill level 1 in Invocations
  8071 | D:6      | Reached skill level 2 in Invocations
  8075 | D:6      | Reached skill level 3 in Invocations
  8288 | D:6      | Reached skill level 4 in Invocations
  8449 | D:6      | Noticed nht's ghost (novice MfHu)
  8620 | D:7      | Gained mutation: A meltable shield of frost defends you.
                  | (SH +0) [demonic ancestry]
  8620 | D:7      | Reached XP level 9. HP: 66/69 MP: 12/12
  8912 | D:7      | Reached * piety under Makhleb
  9394 | D:7      | Reached skill level 9 in Long Blades
  9703 | D:7      | Reached skill level 7 in Fighting
  9997 | D:7      | You fall into a shaft and drop 1 floor!
 10829 | D:8      | Reached skill level 10 in Long Blades
 10861 | D:8      | Gained mutation: You have a pair of large horns on your
                  | head. [demonic ancestry]
 10861 | D:8      | Reached XP level 10. HP: 64/80 MP: 13/13
 10876 | D:8      | Reached skill level 8 in Fighting
 10887 | D:8      | Reached ** piety under Makhleb
 11369 | D:8      | Noticed a four-headed hydra
 11372 | D:8      | Noticed a centaur warrior
 11380 | D:8      | Killed a five-headed hydra
 11381 | D:8      | Reached skill level 11 in Long Blades
 11390 | D:8      | Noticed a manticore
 11393 | D:8      | Killed a centaur warrior
 11394 | D:8      | Reached skill level 9 in Fighting
 11401 | D:8      | Killed a manticore
 11407 | D:8      | Reached skill level 12 in Long Blades
 12520 | D:9      | Found a staircase to the Orcish Mines.
 12725 | D:9      | Found a radiant altar of Vehumet.
 12765 | D:9      | Gained mutation: You are partially covered in large bone
                  | plates. (SH +4) [demonic ancestry]
 12765 | D:9      | Reached XP level 11. HP: 22/89 MP: 14/14
 13379 | D:9      | Noticed a catoblepas
 13393 | D:9      | Killed a catoblepas
 14266 | D:10     | Entered Level 10 of the Dungeon
 14268 | D:10     | Identified the ring "Abrakk" {AC+4 Dex+2}
 14297 | D:10     | Reached *** piety under Makhleb
 14297 | D:10     | Noticed an eight-headed hydra
 14309 | D:10     | Killed an eight-headed hydra
 14310 | D:10     | Reached skill level 10 in Fighting
 14314 | D:10     | Noticed a centaur warrior
 14318 | D:10     | Reached skill level 13 in Long Blades
 14323 | D:10     | Killed a centaur warrior
 14353 | D:10     | Noticed a two-headed ogre
 14367 | D:10     | Killed a two-headed ogre
 14558 | D:10     | Identified the +8 war axe of Distant Shores {vorpal, +Blink
                  | rCorr Str+4 Int-4}
 14558 | D:10     | Noticed a centaur warrior
 14572 | D:10     | Killed a centaur warrior
 14576 | D:10     | Identified the +1 scimitar of Tuthywuog {spect, rElec}
 14627 | D:10     | Upgraded the game from 0.28-a0-881-gae16bb6c82 to
                  | 0.28-a0-899-gf2b78a14d2
 14652 | D:10     | Reached skill level 14 in Long Blades
 14715 | D:10     | Reached skill level 5 in Invocations
 15317 | D:11     | Noticed a white ugly thing
 15317 | D:11     | Noticed a two-headed ogre
 15326 | D:10     | Killed a white ugly thing
 15327 | D:10     | Reached skill level 1 in Shields
 15327 | D:10     | Reached skill level 6 in Invocations
 15337 | D:10     | Killed a two-headed ogre
 15361 | D:11     | Noticed Maurice
 15386 | D:11     | Killed Maurice
 15387 | D:11     | Reached skill level 2 in Shields
 15449 | D:11     | Reached skill level 7 in Invocations
 15457 | D:11     | Gained mutation: A powerful demonic guardian rushes to your
                  | aid. [demonic ancestry]
 15457 | D:11     | Reached XP level 12. HP: 85/97 MP: 17/17
 15460 | D:11     | Reached skill level 3 in Shields
 15467 | D:11     | Found a sparkling altar of Nemelex Xobeh.
 15635 | D:11     | Noticed Nergalle
 15645 | D:11     | Killed Nergalle
 15667 | D:11     | Reached skill level 8 in Invocations
 15834 | D:11     | Found a staircase to the Lair.
 15855 | D:11     | Reached skill level 4 in Shields
 15986 | D:11     | Reached **** piety under Makhleb
 16332 | Lair:1   | Entered Level 1 of the Lair of Beasts
 16339 | Lair:1   | Reached skill level 5 in Shields
 16501 | Lair:1   | Reached skill level 6 in Shields
 16711 | Lair:1   | Reached skill level 7 in Shields
 16744 | Lair:1   | Reached skill level 8 in Shields
 16980 | Lair:2   | Noticed a five-headed hydra
 17014 | Lair:1   | Killed a nine-headed hydra
 17535 | Lair:2   | Found a staircase to the Shoals.
 17542 | Lair:2   | Reached skill level 9 in Shields
 17565 | Lair:2   | Found a blossoming altar of Fedhas.
 17650 | Lair:2   | Identified a scroll of acquirement
 17651 | Lair:2   | Acquired 594 gold pieces
 18403 | Lair:3   | Found a dark tunnel.
 18427 | Lair:3   | Noticed a catoblepas
 18427 | Lair:3   | Noticed a death yak
 18427 | Lair:3   | Noticed a death yak
 18444 | Volcano  | Entered a volcano
 18780 | Volcano  | Reached XP level 13. HP: 92/103 MP: 19/19
 18790 | Volcano  | Reached skill level 10 in Shields
 18860 | Volcano  | Reached ***** piety under Makhleb
 19378 | Volcano  | Reached skill level 11 in Shields
 19391 | Volcano  | Noticed an orb of fire
 19392 | Volcano  | Noticed an orb of fire
 20189 | Lair:3   | Noticed a fire dragon
 20204 | Lair:3   | Killed a fire dragon
 20458 | Lair:3   | Noticed Snorg
 20469 | Lair:3   | Killed Snorg
 20470 | Lair:3   | Reached skill level 12 in Shields
 20996 | Lair:4   | Reached skill level 13 in Shields
 21417 | Lair:4   | Found a hole to the Spider Nest.
 22154 | Lair:5   | Reached skill level 14 in Shields
 22158 | Lair:5   | Reached XP level 14. HP: 74/110 MP: 20/20
 22457 | Lair:5   | Reached skill level 9 in Invocations
 22786 | Lair:5   | Reached skill level 10 in Invocations
 23152 | Lair:6   | Entered Level 6 of the Lair of Beasts
 23821 | Lair:6   | Found a runed translucent door.
 23910 | Lair:6   | Found a viscous altar of Jiyva.
 23924 | Lair:6   | Reached skill level 11 in Invocations
 23942 | Lair:6   | Reached skill level 15 in Shields
 23994 | Lair:6   | Reached skill level 12 in Invocations
 24199 | Lair:6   | Found a staircase to the Slime Pits.
 24829 | Lair:6   | Identified the +7 whip "Tolol" {vorpal, rPois rF- rN+
                  | Will+}
 24843 | Lair:6   | Reached skill level 13 in Invocations
 24843 | Lair:6   | Reached skill level 1 in Dodging
 25463 | D:12     | Reached ****** piety under Makhleb
 25481 | D:12     | Reached skill level 2 in Dodging
 25775 | D:12     | Noticed a tengu reaver
 25792 | D:12     | Killed a tengu reaver
 25793 | D:12     | Reached skill level 4 in Armour
 26070 | D:12     | Noticed a sphinx
 26125 | D:12     | Reached skill level 3 in Dodging
 26474 | D:12     | Found a stormy altar of Qazlal.
 26489 | D:12     | Reached XP level 15. HP: 115/115 MP: 24/24
 26537 | D:12     | Noticed Jorgrun
 26560 | D:12     | Killed Jorgrun
 26561 | D:12     | Reached skill level 5 in Armour
 26561 | D:12     | Reached skill level 4 in Dodging
 27661 | D:13     | Reached skill level 5 in Dodging
 27858 | D:13     | Reached skill level 6 in Armour
 28050 | D:13     | Found a large runed translucent door.
 28050 | D:13     | Found a large runed translucent door.
 28197 | D:13     | Noticed endorz's ghost (journeyman HOFi)
 28728 | Orc:1    | Entered Level 1 of the Orcish Mines
 28728 | Orc:1    | Noticed an orc warlord
 28740 | Orc:1    | Killed an orc warlord
 28989 | Orc:1    | Reached skill level 6 in Dodging
 29048 | Orc:1    | Noticed an orc warlord
 29054 | Orc:1    | Paralysed by an orc sorcerer for 4 turns
 29059 | Orc:1    | Reached skill level 7 in Armour
 29066 | Orc:1    | Noticed an orc warlord
 29081 | Orc:1    | Killed an orc warlord
 29083 | Orc:1    | Killed an orc warlord
 29111 | Orc:1    | Reached skill level 8 in Armour
 29281 | Orc:1    | Identified the ring of the Castellan {rElec rPois SInv}
 29587 | Orc:2    | Entered Level 2 of the Orcish Mines
 29608 | Orc:2    | Paralysed by an orc sorcerer for 5 turns
 29959 | Orc:2    | Reached skill level 11 in Fighting
 30006 | Orc:2    | Found Daith's Assorted Antiques.
 30006 | Orc:2    | Found Qiof's Antique Armour Emporium.
 30043 | Orc:2    | Reached skill level 12 in Fighting
 30071 | Orc:2    | Found Sean's Assorted Antiques.
 30071 | Orc:2    | Found Quucoufi's Jewellery Boutique.
 30078 | Orc:2    | Bought a potion of heal wounds for 125 gold pieces
 30187 | Orc:2    | Found a staircase to the Elven Halls.
 30259 | Orc:2    | Found Jestumpu's Jewellery Boutique.
 31402 | D:14     | You fall into a shaft and drop 1 floor!
 31402 | D:15     | Entered Level 15 of the Dungeon
 31414 | D:15     | Reached XP level 16. HP: 127/129 MP: 25/25
 31418 | D:15     | Reached skill level 13 in Fighting
 31461 | D:15     | Reached skill level 14 in Fighting
 31558 | D:15     | Found a gate leading to a gauntlet.
 31567 | Gauntlet | Entered a Gauntlet
 31567 | Gauntlet | Found a transporter.
 31567 | Gauntlet | Found a runed translucent door.
 31568 | Gauntlet | Found a runed translucent door.
 31572 | Gauntlet | Found a transporter.
 31574 | Gauntlet | Found a transporter.
 31585 | Gauntlet | Found a transporter.
 31588 | Gauntlet | Found a transporter.
 31593 | Gauntlet | Found a runed translucent gate.
 31595 | Gauntlet | Found a transporter.
 31596 | Gauntlet | Found a runed translucent gate.
 31597 | Gauntlet | Found a runed translucent gate.
 31611 | Gauntlet | Found a transporter.
 31622 | Gauntlet | Found a transporter.
 31633 | Gauntlet | Found a transporter.
 31638 | Gauntlet | Found a transporter.
 31638 | Gauntlet | Found a transporter.
 31666 | Gauntlet | Found a transporter.
 31666 | Gauntlet | Found a transporter.
 31723 | Gauntlet | Found a transporter.
 31814 | Gauntlet | Paralysed by a floating eye for 3 turns
 31823 | Gauntlet | Paralysed by a floating eye for 2 turns
 32150 | Gauntlet | Identified the +1 cloak "Ihoc" {Str+3}
 32570 | D:15     | Reached skill level 14 in Invocations
 32657 | D:15     | Found a staircase to the Depths.
 33018 | D:15     | Reached skill level 15 in Invocations
 34176 | Orc:2    | Bought a wand of paralysis (3) for 68 gold pieces
 34179 | Orc:2    | Bought 3 scrolls of enchant armour for 562 gold pieces
 34179 | Orc:2    | Bought a scroll of enchant weapon for 187 gold pieces
 34211 | Orc:2    | Bought the ring of Bimm {rN+ Will+ rCorr Dex+5} for 520
                  | gold pieces
 34211 | Orc:2    | Bought an amulet of guardian spirit for 330 gold pieces
 34480 | D:13     | Killed endorz's ghost
 34881 | D:12     | Killed a sphinx
 35083 | Spider:1 | Entered Level 1 of the Spider Nest
 35220 | Spider:1 | Reached skill level 9 in Armour
 35396 | Spider:1 | Reached skill level 4 in Evocations
 36204 | Spider:1 | Gained mutation: You are mostly covered in large bone
                  | plates. (SH +6) [demonic ancestry]
 36204 | Spider:1 | Reached XP level 17. HP: 140/140 MP: 22/28
 36331 | Spider:2 | Noticed Arachne
 36339 | Spider:2 | Reached skill level 5 in Evocations
 36345 | Spider:2 | Reached skill level 15 in Fighting
 36346 | Spider:2 | Killed Arachne
 36745 | Spider:2 | Reached skill level 10 in Armour
 36745 | Spider:2 | Reached skill level 6 in Evocations
 36808 | Spider:2 | Noticed Louise
 36809 | Spider:2 | Cast into level 3 of the Abyss (Louise)
 36934 | Abyss:3  | Noticed a dread lich
 36950 | Abyss:3  | Paralysed by something for 3 turns
 36961 | Abyss:3  | Paralysed by something for 5 turns
 36968 | Abyss:3  | Paralysed by something for 6 turns
 36970 | Abyss:3  | Mangled by a reaper

Illustrated notes

Levels and vault maps discovered:
D:1:      minmay_arrival_four_loops, layout_loops_ring, serial_shops,
          nicolae_shop_stone
D:2:      layout_rooms, serial_shops, shop, kennysheep_generic_room_13
D:3:      layout_basic, serial_rivers, chequers_serial_rivers_micro_b,
          chequers_serial_rivers_micro_c, chequers_serial_rivers_large_b,
          chequers_serial_rivers_micro_c, chequers_serial_rivers_marsh,
          chequers_serial_rivers_micro_a, uniq_crazy_yiuf_cottage, uniq_natasha
D:4:      layout_rooms, lemuel_temple_firewalk_a, uniq_robin, uniq_edmund,
          uniq_blork_the_orc
D:5:      kennysheep_kobold_camp, layout_rooms
D:6:      layout_cave_pools, gammafunk_ghost_icy, kennysheep_opposing_triangles,
          uniq_grinder, uniq_duvessa
D:7:      layout_rooms, serial_glass, glass_columns_a, glass_columns_a,
          glass_columns_b, glass_columns_b, glass_columns_b, glass_columns_b,
          glass_columns_b, glass_columns_a, kennysheep_generic_room_3
D:8:      minmay_curly_fans, layout_layer_cave
D:9:      layout_roguey, nicolae_vehumet_radiance, david_orc_3
D:10:     minmay_distorted_concentric_squares, layout_grid_maze, minmay_radiant
D:11:     cheibrodos_magma_flow, layout_loops_ring, lair_entry_dummy,
          nemelex_xobeh_ov_fountains_minmay, uniq_maurice, uniq_nergalle
D:12:     minmay_tile_spiral, layout_gridville,
          nicolae_qazlal_style_of_elements, uniq_jorgrun
D:13:     layout_stronghold, ebering_ghost_disaster_area, grunt_ministairs_2
D:14:     layout_cave_pools, skrybe_vaults_entry_preservation, chequers_avenue,
          makhleb_altar_promises_db
D:15:     gammafunk_enter_depths_forms, layout_stronghold,
          gauntlet_entry_generic, portal_ice_cave_entry_ugly_swarm,
          roderic_serpentine_path, minmay_strange_pillars
Temple:   roderic_octagonal_lattice_temple
Lair:1:   layout_cave_shapes, grunt_megastairs_2
Lair:2:   layout_small_grid, minmay_shoals_entry_centaurs,
          hangedman_tree_tricks, nicolae_lair_grove_arrangements, st_stairs_8,
          minivault_24, grunt_megastairs_1, infiniplex_staircase_pool
Lair:3:   dragon1_lemuel, layout_gridlike, nicolae_volcano_entry_two_sided,
          uniq_snorg
Lair:4:   regret_index_wax_grids, layout_regular_city,
          nicolae_spider_entry_tight_spaces
Lair:5:   layout_small_grid, beast_lair_carwin_9
Lair:6:   due_jungle_book, layout_regular_city, slime_altar_2,
          grunt_megastairs_3, infiniplex_staircase_pool_2
Spider:1: nicolae_spider_hilbert_zone_5 [nicolae_spider_hilbert_3_sides_1_open,
          nicolae_spider_hilbert_4_sides_1_open,
          nicolae_spider_hilbert_4_sides_1_open,
          nicolae_spider_hilbert_6_sides_1_open,
          nicolae_spider_hilbert_6_sides_1_open]
Spider:2: layout_spider_delve, nicolae_spider_rock_and_or_roll, uniq_arachne,
          uniq_louise
Orc:1:    layout_diamond_mine, minmay_orc_treasury
Orc:2:    st_orc_ogre_mass, layout_caves, serial_shops, shop
Abyss:3:  base: D:10, bh_abyss_exit_spiral, evilmike_abyss_rune_ettins

Skill      XL: |  1  2  3  4  5  6  7  8  9 10 11 12 13 14 15 16 17 |
---------------+----------------------------------------------------+-----
Stealth        | 2 |  2.0
Fighting       | 2 3 4 6 7 9 10 12 14 15 | 15.4
Long Blades    | 2 3 4 6 8 10 12 14 | 14.0
Armour         | 3 4 8 9 10 | 10.0
Invocations    | 4 7 8 13 15 | 15.0
Shields        | 2 9 14 15 | 15.0
Dodging        | 3 6 |  6.0
Evocations     | 4 6 |  6.4

Action                   |  1- 3 |  4- 6 |  7- 9 | 10-12 | 13-15 | 16-18 || total
-------------------------+-------+-------+-------+-------+-------+-------++-------
Melee: Scimitar          |   111 |   171 |   257 |   455 |  1595 |   731 ||  3320
       Headbutt          |       |    17 |    59 |   154 |   455 |   226 ||   911
       Great sword       |       |       |    30 |   184 |       |       ||   214
Throw: Dart              |       |       |     2 |     5 |     4 |     3 ||    14
Invok: Minor Destruction |       |       |       |    28 |    16 |     6 ||    50
       Lesser Servant of |       |       |       |     7 |    17 |     9 ||    33
       Major Destruction |       |       |       |       |    57 |    17 ||    74
       Greater Servant o |       |       |       |       |     4 |       ||     4
Evoke: Piece from Xom's  |       |     5 |    15 |     6 |       |       ||    26
       Wand              |       |       |     9 |    10 |     1 |     4 ||    24
       Phantom mirror    |       |       |       |       |     1 |       ||     1
       Tin of tremorston |       |       |       |       |       |     3 ||     3
       Condenser vane    |       |       |       |       |       |     2 ||     2
  Use: Scroll            |     4 |       |    14 |     8 |     4 |     6 ||    36
       Potion            |       |     1 |       |     2 |     3 |     4 ||    10
 Stab: Sleeping          |     7 |     1 |       |       |       |       ||     8
       Distracted        |       |     2 |     1 |     2 |     3 |     2 ||    10
       Petrified         |       |     8 |       |     4 |     2 |       ||    14
       Confused          |       |       |       |     1 |       |       ||     1
Armor: Leather armour    |    45 |     8 |       |       |       |       ||    53
       Chain mail        |       |    72 |   155 |   390 |   375 |       ||   992
       Plate armour      |       |       |    51 |       |   218 |   386 ||   655
Dodge: Dodged            |    91 |    81 |    86 |   140 |   251 |   178 ||   827
Block: Other             |       |       |    26 |    90 |       |       ||   116
       Kite shield       |       |       |       |   413 |  1581 |   747 ||  2741

Table legend: (Time is in decaauts)
 A = Elapsed time spent in this place.
 B = Non-inter-level travel time spent in this place.
 C = Inter-level travel time spent in this place.
 D = Time resting spent in this place.
 E = Time spent auto-exploring this place.
 F = Levels seen in this place.
 G = Mean time per level.
                   A        B        C        D        E       F      G
               +--------+--------+--------+--------+--------+-----+--------+
         Total |  36991 |  34216 |   2775 |   5655 |  21815 |  29 | 1275.6 |
       Dungeon |  23012 |  21201 |   1811 |   3758 |  13887 |  15 | 1534.1 |
        Temple |    305 |    266 |     39 |      0 |    243 |   1 |  305.0 |
          Lair |   7650 |   7245 |    405 |    881 |   4944 |   6 | 1275.0 |
   Spider Nest |   1716 |   1639 |     77 |      0 |   1151 |   2 |  858.0 |
  Orcish Mines |   2212 |   1771 |    441 |      6 |   1172 |   2 | 1106.0 |
         Abyss |    150 |    150 |      0 |      0 |      0 |   1 |  150.0 |
       Volcano |   1052 |   1052 |      0 |    619 |     62 |   1 | 1052.0 |
      Gauntlet |    891 |    891 |      0 |    391 |    354 |   1 |  891.0 |
               +--------+--------+--------+--------+--------+-----+--------+

Top non-repeatable levels by time:
     D:8: 2230 daAuts
     D:3: 2227 daAuts
    D:12: 2221 daAuts
     D:9: 2015 daAuts
  Lair:5: 1978 daAuts
     D:7: 1671 daAuts
    D:15: 1669 daAuts
     D:5: 1594 daAuts
     D:6: 1584 daAuts
    D:13: 1571 daAuts
  Lair:4: 1469 daAuts
   Orc:2: 1384 daAuts
    D:11: 1352 daAuts
Spider:1: 1303 daAuts
  Lair:2: 1298 daAuts
